 Dungeon Crawl Stone Soup version 0.28.0-43-g3370ac3207 (webtiles) character file.

Game seed: 6617801870864226118

91 terff the Shield-Bearer (level 4, -1/35 HPs)
             Began as a Human Fighter on Mar 30, 2022.
             Slain by Grinder (3 damage)
             ... on level 3 of the Dungeon.
             The game lasted 00:03:09 (1919 turns).

terff the Shield-Bearer (Human Fighter)             Turns: 1919, Time: 00:03:09

Health: -1/35      AC:  7    Str: 23    XL:     4   Next: 87%
Magic:  4/4        EV:  9    Int:  8    God:
Gold:   90         SH:  5    Dex: 14    Spells: 3/3 levels left

rFire   . . .      SeeInvis .   g - +2 whip (flame)
rCold   . . .      Faith    .   c - +0 buckler
rNeg    . . .      Spirit   .   b - +0 scale mail
rPois   .          Reflect  .   (no helmet)
rElec   .          Harm     .   (no cloak)
rCorr   .          Rampage  .   (no gloves)
Will    .....                   (no boots)
Stlth   ..........              (no amulet)
HPRegen 0.11/turn               a - +6 ring of strength
MPRegen 0.09/turn               (no ring)

@: no status effects
A: no striking features
a: no special abilities


You were on level 3 of the Dungeon.
You visited 1 branch of the dungeon, and saw 3 of its levels.

You collected 90 gold pieces.

Inventory:

Hand Weapons
 g - a +2 whip of flaming (weapon)
Armour
 b - a +0 scale mail (worn)
 c - a +0 buckler (worn)
Jewellery
 a - a +6 ring of strength (left hand)
Potions
 d - a potion of might
 e - a potion of curing
 h - a potion of resistance {unknown}
 i - a potion of mutation {unknown}


   Skills:
 + Level 3.1 Fighting
 + Level 2.8 Maces & Flails
 + Level 3.8 Armour
 + Level 0.4 Dodging
 + Level 3.8 Shields


You had 3 spell levels left.
You didn't know any spells.
Your spell library was empty.

Dungeon Overview and Level Annotations

Branches:
Dungeon (3/15)

Altars:

Annotations:
D:3 Grinder


Message History

You block the worm's attack.
You barely miss the worm.
The worm is severely wounded.
Grinder blinks!
You hit the worm. You burn the worm.
The worm is almost dead.
The worm bites you but does no damage.
You hit the worm. You burn the worm.
You kill the worm!
There is a stone staircase leading up here.
You hit Grinder. You burn Grinder.
Grinder is lightly wounded.
Grinder hits you!
You writhe in agony.
You hit Grinder. You burn Grinder.
Grinder is moderately wounded.
Grinder zaps a wand.
You resist with some effort.
You closely miss Grinder.
Grinder is moderately wounded.
Grinder barely misses you.
You barely miss Grinder.
Grinder is moderately wounded.
Grinder barely misses you.
You closely miss Grinder.
Grinder is moderately wounded.
Grinder zaps a wand.
You resist with some effort.
You closely miss Grinder.
Grinder is moderately wounded.
Grinder gestures at you.
You barely resist. You closely miss Grinder.
Grinder is moderately wounded.
Grinder gestures at you. Pain shoots through your body!
* * * LOW HITPOINT WARNING * * *
You barely miss Grinder.
Grinder is moderately wounded.
Grinder hits you.
* * * LOW HITPOINT WARNING * * *
You writhe in agony.
You die...

#..# ... #..# ..... 8
###..###.....##.##
..)............#..
#....#.... ....#
#.##....# ...#####
........## ..#...#
#.......#######?....#
##.............5@#
.........#########
#........# .........#
.#...w...#
.#..............
##...!.####....
..!.....# ..
........#


You could see Grinder.

Vanquished Creatures
  3 adders (D:2)
  3 worms
  A dart slug (D:2)
  4 ball pythons
  6 bats
  3 endoplasms (D:2)
  4 giant cockroaches
  6 goblins
  6 hobgoblins
  2 quokkas
  2 frilled lizards
  6 kobolds
  6 rats
52 creatures vanquished.

Notes
Turn   | Place    | Note
-------+----------+-------------------------------------------
     0 | D:1      | terff the Human Fighter began the quest for the Orb.
     0 | D:1      | Reached XP level 1. HP: 18/18 MP: 1/1
   110 | D:1      | Reached XP level 2. HP: 24/24 MP: 2/2
   673 | D:1      | Reached XP level 3. HP: 27/29 MP: 3/3
   896 | D:1      | Found a faded altar of an unknown god.
  1169 | D:2      | Reached XP level 4. HP: 35/35 MP: 4/4
  1870 | D:3      | Noticed Grinder
  1876 | D:3      | Paralysed by Grinder for 3 turns
  1879 | D:3      | Noticed a centaur
  1919 | D:3      | Slain by Grinder

Illustrated notes

Levels and vault maps discovered:
D:1:      dpeg_arrival_tiny_i, layout_loops_cross,
          chequers_ecumenical_altar_simple_redux
D:2:      layout_loops_ring, minmay_close_crescents
D:3:      layout_rooms, grunt_decor_one_mirror, minmay_snake_closets,
          uniq_grinder, uniq_jessica, uniq_ijyb

Action                   |  1- 3 |  4- 6 || total
-------------------------+-------+-------++-------
Melee: Flail             |    17 |       ||    17
       Whip              |    66 |    74 ||   140
  Use: Scroll            |     3 |     4 ||     7
Armor: Scale mail        |    60 |    22 ||    82
       Skin              |       |     3 ||     3
Dodge: Dodged            |    41 |    43 ||    84
Block: Buckler           |    28 |    19 ||    47
